[Event "*** Titled Tuesday Blitz"]
[Site "Chess.com"]
[Date "2021.04.20"]
[Round "3"]
[White "twitchTriniCupid"]
[Black "VD_coach"]
[Result "0-1"]
[WhiteElo "2219"]
[BlackElo "2500"]
[TimeControl "180+1"]
[EndTime "10:26:03 PDT"]
[Termination "VD_coach won by resignation"]

1. d4 Nf6 2. c4 g6 3. Nc3 Bg7 4. Bg5 O-O 5. e3 d6 6. Bd3 c5 7. Nge2 Nc6 8. O-O b6 9. b3 Bb7 10. Rc1 e6 11. d5 Ne5 12. dxe6 fxe6 13. Bb1 Qc7 14. Nf4 Qe7 15. Nb5 Rad8 16. Nxa7 h6 17. Bxf6 Qxf6 18. f3 d5 19. cxd5 exd5 20. Nh3 d4 21.
exd4 Rxd4 22. Qc2 Rh4 23. Qc3 Rxh3 24. gxh3 Qg5+ 25. Kh1 Nxf3 26. Qc4+ Kh7 27. Be4 Nd2 28. Bxb7 Nxc4 29. bxc4 Rxf1+ 30. Rxf1 Qe7 31. Bd5 Qxa7 0-1

[Event "*** Titled Tuesday Blitz"]
[Site "Chess.com"]
[Date "2021.04.20"]
[Round "3"]
[White "PotapovaM"]
[Black "DanielTitichoca"]
[Result "1-0"]
[WhiteElo "2512"]
[BlackElo "2273"]
[TimeControl "180+1"]
[EndTime "10:26:06 PDT"]
[Termination "PotapovaM won by resignation"]

1. d4 Nf6 2. c4 e6 3. Nf3 d5 4. Nc3 Bb4 5. cxd5 exd5 6. Bg5 Nbd7 7.
e3 O-O 8. Bd3 Re8 9. O-O c6 10.
Qc2 h6 11. Bh4 Be7 12. Rab1 Ne4 13. Bxe7 Qxe7 14. Bxe4 dxe4 15. Nd2 Nf6 16. b4 Bf5 17. Nc4 h5 18. b5 Rac8 19. Qa4 cxb5 20. Nxb5 a6 21.
Nbd6 Rxc4 22. Nxc4 b5 23. Qa5 Ng4 24. h3 Qh4 25.
hxg4 hxg4 26. Nd6 Re6 27. Nxf5 Qh5 28. Qd8+ Kh7 29. Qh4 Qxh4 30. Nxh4 1-0

[Event "*** Titled Tuesday Blitz"]
[Site "Chess.com"]
[Date "2021.04.20"]
[Round "3"]
[White "winniethepooh04"]
[Black "Kislov_Oleg"]
[Result "0-1"]
[WhiteElo "2270"]
[BlackElo "2510"]
[TimeControl "180+1"]
[EndTime "10:26:06 PDT"]
[Termination "Kislov_Oleg won on time"]

1. e4 c5 2. Nf3 Nc6 3. d4 cxd4 4. Nxd4 e5 5. Nxc6 bxc6 6. Nc3 Nf6 7. Bc4 Bb4 8. Qd3 d5 9. exd5 cxd5 10. Bb5+ Bd7 11. Bxd7+ Qxd7 12. O-O O-O 13. Bg5 Bxc3 14. Bxf6 Bxb2 15.
Qg3 g6 16. Rab1 Rab8 17. Qh4 h5 18. Rxb2 Rxb2 19. Bxe5 Rb6 20. Qg5 Qf5 21. Qe7 Re6 22. Qxa7 Qxe5 23. a4 Rfe8 24. a5 Qa1 25. g3 Re1 0-1

[Event "*** Titled Tuesday Blitz"]
[Site "Chess.com"]
[Date "2021.04.20"]
[Round "3"]
[White "SirStrateg"]
[Black "Valeron87"]
[Result "1-0"]
[WhiteElo "2610"]
[BlackElo "2406"]
[TimeControl "180+1"]
[EndTime "10:26:07 PDT"]
[Termination "SirStrateg won by resignation"]

1. d4 d5 2. Bf4 Nf6 3. e3 e6 4. Nf3 Bd6 5. Bg3 O-O 6. Nbd2 b6 7. c3 c5 8. Bd3 Ba6 9. Bxa6 Nxa6 10. a4 Nb8 11.
Qe2 Nc6 12. Bh4 Be7 13. O-O Ne4 14. Bxe7 Qxe7 15. Nxe4 dxe4 16. Nd2 f5 17. f3 exf3 18. Rxf3 e5 19. Qc4+ Kh8 20. Raf1 exd4 21. exd4 Na5 22.
Qd3 cxd4 23. Qxd4 Rad8 24. Qf2 g6 25. Re3 Qd7 26. Nf3 Nc4 27. Re2 Qxa4 28. Re7 Rd7 29. b3 Qc6 30. Rxd7 Qxd7 31. bxc4 Rc8 32. Ne5 Qd6 33.
Nf7+ 1-0

[Event "*** Titled Tuesday Blitz"]
[Site "Chess.com"]
[Date "2021.04.20"]
[Round "3"]
[White "alexgo05"]
[Black "rugbyclub"]
[Result "0-1"]
[WhiteElo "2478"]
[BlackElo "2248"]
[TimeControl "180+1"]
[EndTime "10:26:07 PDT"]
[Termination "rugbyclub won by resignation"]

1. Nf3 d5 2. b3 Bf5 3. Bb2 Nf6 4. g3 e6 5. d3 Nbd7 6. Nh4 Bg4 7. h3 Bh5 8. g4 Bg6 9. Bg2 Bd6 10. Nd2 e5 11. e3 c6 12. Qe2 Qe7 13. Nxg6 hxg6 14. O-O-O Ba3 15. Kb1 a5 16. Bxa3 Qxa3 17. Ka1 a4 18. Nb1 Qe7 19. Kb2 b5 20. Rhe1 Nb6 21. f4 O-O 22. d4 axb3 23. cxb3 exf4 24. exf4 Qa7 25. Qe7 Qxa2+ 26. Kc3 Qxg2 27. Re2 Ne4+ 28. Kd3 Qf3+ 0-1

[Event "*** Titled Tuesday Blitz"]
[Site "Chess.com"]
[Date "2021.04.20"]
[Round "3"]
[White "Revnov"]
[Black "Oleksandr_Bortnyk"]
[Result "0-1"]
[WhiteElo "2657"]
[BlackElo "2940"]
[TimeControl "180+1"]
[EndTime "10:26:09 PDT"]
[Termination "Oleksandr_Bortnyk won by resignation"]

1. b3 Nf6 2. Bb2 g6 3. e3 Bg7 4.
Nf3 O-O 5. d4 d5 6. Nbd2 c6 7. Be2 Bf5 8. Nh4 Bd7 9. O-O a5 10.
a3 Re8 11. c4 Ne4 12. g3 Nxd2 13. Qxd2 Bh3 14. Rfc1 dxc4 15. bxc4 e5 16. d5 Na6 17. Rd1 Nc5 18. Rab1 Qe7 19. Qc2 Bf6 20. dxc6 Bxh4 21. gxh4 Qxh4 22. Bf3 e4 23. Qc3 f6 24. Qxf6 Qxf6 25.
Bxf6 exf3 26. Rd5 b6 27. Rxb6 Ne4 28. Be5 Be6 29. Rd4 Nc3 30. Kf1 Bh3+ 31. Ke1 Rxe5 32. c7 Ree8 0-1

[Event "*** Titled Tuesday Blitz"]
[Site "Chess.com"]
[Date "2021.04.20"]
[Round "3"]
[White "Michaelson_11"]
[Black "kleopl"]
[Result "0-1"]
[WhiteElo "2215"]
[BlackElo "2500"]
[TimeControl "180+1"]
[EndTime "10:26:09 PDT"]
[Termination "kleopl won on time"]

1. e4 c6 2. d4 d5 3. Nd2 a6 4. c3 dxe4 5. Nxe4 Nd7 6. Ng5 Ngf6 7. Bd3 c5 8. N1f3 e6 9. Qe2 b5 10. Bf4 Bb7 11. dxc5 Nxc5 12. O-O-O Nxd3+ 13. Rxd3 Qb6 14. Ne5 Nd5 15. Be3 Nxe3 16. Rxe3 Bc5 17. Nexf7 Bxe3+ 18. fxe3 Rf8 19. Qh5 Qxe3+ 20. Kb1 Be4+ 21. Ka1 Bg6 22. Qg4 Bxf7 23. Rf1 O-O-O 24. Nxf7 Rxf7 0-1

[Event "*** Titled Tuesday Blitz"]
[Site "Chess.com"]
[Date "2021.04.20"]
[Round "3"]
[White "Triumphmate"]
[Black "CraiggoryC"]
[Result "1-0"]
[WhiteElo "2437"]
[BlackElo "2209"]
[TimeControl "180+1"]
[EndTime "10:26:10 PDT"]
[Termination "Triumphmate won by resignation"]

1. e4 e6 2. Nf3 d5 3. exd5 exd5 4. d4 Bd6 5. Bd3 Nc6 6. c3 Bg4 7. Be3 Nge7 8. Nbd2 Qd7 9. O-O f6 10. Qc2 O-O-O 11. b4 Rde8 12. a4 Kb8 13. a5 g5 14.
b5 Nd8 15. b6 Ne6 16. a6 cxb6 17. axb7 Nf4 18. Qa2 Qxb7 19. Ba6 Qc7 20. Rfb1 Nf5 21. c4 Ne2+ 22. Kh1 Nxe3 23. fxe3 Rxe3 24. c5 Bxf3 25.
Nxf3 Bxh2 26. Nxh2 Ng3+ 27. Kg1 Rhe8 28. cxb6 axb6 29.
Bb5 Re1+ 30. Rxe1 Rxe1+ 31. Rxe1 Qc3 32. Re8+ Kc7 33. Qa7+ 1-0

[Event "*** Titled Tuesday Blitz"]
[Site "Chess.com"]
[Date "2021.04.20"]
[Round "3"]
[White "Susal_De_Silva"]
[Black "Piotrek1979"]
[Result "0-1"]
[WhiteElo "2573"]
[BlackElo "2403"]
[TimeControl "180+1"]
[EndTime "10:26:12 PDT"]
[Termination "Piotrek1979 won by resignation"]

1. e4 c6 2. d4 d5 3. Nc3 dxe4 4. Nxe4 Bf5 5. Ng3 Bg6 6. h4 h6 7. Nf3 Nd7 8. h5 Bh7 9. Bd3 Bxd3 10.
Qxd3 e6 11. Bd2 Ngf6 12. O-O-O Be7 13. Kb1 O-O 14. Ne4 Nxe4 15. Qxe4 Nf6 16. Qe2 Qd5 17.
Ne5 Qe4 18. Qxe4 Nxe4 19. Be3 Rfd8 20. g4 Nd6 21. f4 a5 22. c4 a4 23. Rhg1 f6 24.
Ng6 Kf7 25. Rc1 Ne4 26. Rcf1 Bb4 27. Kc2 c5 28. dxc5 Rac8 29. g5 Bxc5 30. Bxc5 Rd2+ 31.
Kc1 Rxc5 32. b3 Rxa2 33. gxh6 axb3 34. Ne5+ Rxe5 35. Rxg7+ Kf8 36. fxe5 Rc2+ 0-1

[Event "*** Titled Tuesday Blitz"]
[Site "Chess.com"]
[Date "2021.04.20"]
[Round "3"]
[White "annamaja"]
[Black "sara_khm"]
[Result "0-1"]
[WhiteElo "2283"]
[BlackElo "2528"]
[TimeControl "180+1"]
[EndTime "10:26:16 PDT"]
[Termination "sara_khm won by resignation"]

1. e4 e5 2. Nf3 Nc6 3. Bb5 a6 4. Ba4 g6 5. O-O Bg7 6. c3 d6 7. h3 Bd7 8. d4 Nf6 9. Re1 O-O 10.
Bg5 h6 11. Bh4 Qe8 12. Nbd2 Nxd4 13. Bxd7 Nxf3+ 14. Qxf3 Nxd7 15. g4 Qe6 16. b3 f5 17.
exf5 gxf5 18. Qxb7 fxg4 19. hxg4 Qxg4+ 20. Bg3 Rac8 21. Re4 Qg6 22. Qxa6 Nf6 23. Re3 h5 24. Qc4+ d5 25. Qh4 Bh6 26. Rae1 Bg5 27. Qh2 Bxe3 28. Rxe3 Ng4 0-1

[Event "*** Titled Tuesday Blitz"]
[Site "Chess.com"]
[Date "2021.04.20"]
[Round "3"]
[White "AlexPapasimakopoulos"]
[Black "noblerone"]
[Result "1-0"]
[WhiteElo "2605"]
[BlackElo "2401"]
[TimeControl "180+1"]
[EndTime "10:26:18 PDT"]
[Termination "AlexPapasimakopoulos won by resignation"]

1. d4 d5 2. c4 c6 3. cxd5 cxd5 4. Bf4 Nf6 5. Nc3 Nc6 6. e3 a6 7. Bd3 Bg4 8. Nge2 e6 9. O-O Bd6 10. f3 Bh5 11. Rc1 O-O 12. Na4 Rc8 13. Nc5 Bxc5 14.
Rxc5 Bg6 15. Bxg6 hxg6 16. Qa4 Nh5 17. Rfc1 Nxf4 18. Nxf4 Qb6 19. Nd3 Rfd8 20. b4 Kh7 21. b5 axb5 22. Rxb5 Qc7 23. Qb3 Ra8 24. Rxb7 Qa5 25.
Rxc6 Qd2 26. h4 Rxa2 27. Nf4 Qf2+ 28. Kh2 Qxh4+ 29. Nh3 Rda8 30. Rxf7 Re2 31. Rcc7 Rg8 32. Qb7 Rxg2+ 33. Kxg2 1-0

[Event "*** Titled Tuesday Blitz"]
[Site "Chess.com"]
[Date "2021.04.20"]
[Round "3"]
[White "RobertoJBM"]
[Black "crazy_but_lazy"]
[Result "1-0"]
[WhiteElo "2730"]
[BlackElo "2431"]
[TimeControl "180+1"]
[EndTime "10:26:19 PDT"]
[Termination "RobertoJBM won by resignation"]

1. d4 Nf6 2. c4 e6 3. Nc3 Bb4 4. Qc2 O-O 5. a3 Bxc3+ 6. Qxc3 b6 7. Bg5 d6 8. e3 Nbd7 9. Ne2 Bb7 10. Qc2 c5 11.
Rd1 Rc8 12. Nc3 h6 13. Bh4 Qe7 14. d5 g5 15. Bg3 exd5 16. cxd5 Ne5 17. Be2 a6 18. a4 c4 19. Rd4 b5 20. axb5 axb5 21.
Nxb5 Bxd5 22. O-O Rc5 23. Nc3 Ba8 24. Rfd1 Rb8 25. Rxd6 Qb7 26. f3 Kg7 27. Rxf6 Kxf6 28. Ne4+ Kg7 29. Nxc5 Qe7 30. Qc3 f6 31. Bxe5 fxe5 32.
Rd7 1-0

[Event "*** Titled Tuesday Blitz"]
[Site "Chess.com"]
[Date "2021.04.20"]
[Round "3"]
[White "Fraler15"]
[Black "Tigers2017"]
[Result "1-0"]
[WhiteElo "2216"]
[BlackElo "2393"]
[TimeControl "180+1"]
[EndTime "10:26:21 PDT"]
[Termination "Fraler15 won by resignation"]

1. e4 c5 2. Nf3 Nc6 3. Bb5 g6 4. c3 Bg7 5. d4 cxd4 6. cxd4 d5 7.
exd5 Qxd5 8. Nc3 Qd6 9. d5 a6 10. dxc6 Bxc3+ 11. bxc3 axb5 12. cxb7 Bxb7 13. Qxd6 exd6 14.
Bf4 Nf6 15. Bxd6 Kd7 16. Be5 Bxf3 17. gxf3 Rhe8 18. O-O-O+ Ke6 19. Rhe1 Kf5 20. Bxf6 Rxe1 21. Rxe1 Kxf6 22. Kb2 Ra4 23. Re4 Ra6 24. Rb4 Re6 25. Rxb5 Re2+ 26. Kb3 Rxf2 27. a4 Rxf3 28. a5 Rf1 29.
Rb4 Ke6 30. a6 Rb1+ 31. Kc4 Ra1 32. Kb5 Kd7 33. Ra4 Rb1+ 34. Kc5 1-0

[Event "*** Titled Tuesday Blitz"]
[Site "Chess.com"]
[Date "2021.04.20"]
[Round "3"]
[White "mac0504"]
[Black "FeketeBarika"]
[Result "1-0"]
[WhiteElo "2580"]
[BlackElo "2269"]
[TimeControl "180+1"]
[EndTime "10:26:24 PDT"]
[Termination "mac0504 won by resignation"]

1. e4 e6 2. d4 d5 3. Nd2 Be7 4. Ngf3 Nf6 5. e5 Nfd7 6. Bd3 c5 7. c3 b6 8. O-O Ba6 9. Bxa6 Nxa6 10. Qe2 Nab8 11.
Ne1 Nc6 12. f4 cxd4 13. Nef3 dxc3 14. bxc3 Rc8 15. Nd4 Bc5 16. Nf3 O-O 17. Be3 Na5 18.
f5 exf5 19. Nxf5 Bxe3+ 20. Qxe3 Nc4 21. Qf4 Nc5 22. Qg4 Ne6 23. Rae1 Kh8 24. Re2 Qc7 25. Rd1 Rcd8 26. Qh4 f6 27. exf6 Rxf6 28. Rxe6 Rxe6 29. Ng5 Rh6 30. Nxh6 gxh6 31. Nf7+ Qxf7 32. Qxd8+ Kg7 33. Qxd5 1-0

[Event "*** Titled Tuesday Blitz"]
[Site "Chess.com"]
[Date "2021.04.20"]
[Round "3"]
[White "SHIVACalypso"]
[Black "AnnaChessLook"]
[Result "1-0"]
[WhiteElo "2456"]
[BlackElo "2263"]
[TimeControl "180+1"]
[EndTime "10:26:25 PDT"]
[Termination "SHIVACalypso won by resignation"]

1. Nf3 Nf6 2. c4 c5 3. g3 g6 4. Bg2 Bg7 5. O-O O-O 6. Nc3 Nc6 7. d3 d6 8. a3 a6 9. Rb1 Rb8 10. b4 cxb4 11. axb4 b5 12. cxb5 axb5 13. Bd2 d5 14.
Bf4 Rb6 15. Qd2 d4 16. Ne4 Nxe4 17. dxe4 e5 18. Bh6 Be6 19. Bxg7 Kxg7 20. e3 dxe3 21. Qxe3 Nd4 22. Nxe5 Rd6 23. Rfd1 f6 24. Nf3 Nxf3+ 25. Bxf3 Bc4 26. Qa7+ Rf7 27. Qc5 Rxd1+ 28. Rxd1 Qa8 29. Kg2 Qa2 30. e5 Qb2 31. Rd4 fxe5 32. Qxe5+ 1-0

[Event "*** Titled Tuesday Blitz"]
[Site "Chess.com"]
[Date "2021.04.20"]
[Round "3"]
[White "Aslanov_Umid"]
[Black "chesslh19"]
[Result "1-0"]
[WhiteElo "2457"]
[BlackElo "2229"]
[TimeControl "180+1"]
[EndTime "10:26:27 PDT"]
[Termination "Aslanov_Umid won on time"]

1. e4 e5 2. Nf3 Nf6 3. d4 exd4 4.
e5 Ne4 5. Qxd4 d5 6. exd6 Nxd6 7. Nc3 Nc6 8. Qf4 Nf5 9. Bb5 Bd6 10. Qc4 O-O 11.
O-O Be6 12. Qe4 Nfd4 13. Bxc6 Nxc6 14. Ng5 g6 15. Nxe6 fxe6 16. Qxe6+ Kg7 17. Qh3 Kg8 18.
Bh6 Rf7 19. Rad1 Qc8 20. Qh4 Qf5 21. Ne4 Be7 22. Bg5 Bxg5 23. Nxg5 Rg7 24. Qc4+ Kf8 25.
Ne6+ 1-0

[Event "*** Titled Tuesday Blitz"]
[Site "Chess.com"]
[Date "2021.04.20"]
[Round "3"]
[White "Kobalia"]
[Black "Korchmar_Vasiliy"]
[Result "0-1"]
[WhiteElo "2779"]
[BlackElo "2635"]
[TimeControl "180+1"]
[EndTime "10:26:28 PDT"]
[Termination "Korchmar_Vasiliy won on time"]

1. e4 c5 2. Nf3 d6 3. Bb5+ Nd7 4.
c3 Nf6 5. Qe2 a6 6. Ba4 b5 7.
Bc2 e6 8. d4 Bb7 9. O-O Be7 10.
Nbd2 O-O 11. Rd1 cxd4 12. cxd4 Rc8 13. Nf1 d5 14. e5 Ne4 15. Ng3 f5 16. exf6 Ndxf6 17. Ne5 Bd6 18. f3 Bxe5 19. dxe5 Rxc2 20. Qxc2 Qb6+ 21. Kf1 Nxg3+ 22. hxg3 Ne4 23. Bf4 Rxf4 0-1

[Event "*** Titled Tuesday Blitz"]
[Site "Chess.com"]
[Date "2021.04.20"]
[Round "3"]
[White "DrMamaliga"]
[Black "chessmadara"]
[Result "1-0"]
[WhiteElo "2355"]
[BlackElo "2171"]
[TimeControl "180+1"]
[EndTime "10:26:30 PDT"]
[Termination "DrMamaliga won by resignation"]

1. b3 Nf6 2. Bb2 g6 3. e3 Bg7 4.
d4 O-O 5. Bd3 d6 6. Ne2 e5 7.
O-O Nbd7 8. c4 Re8 9. Bc2 Nf8 10. Nbc3 exd4 11. exd4 d5 12. c5 c6 13. Qd2 Qc7 14.
Rae1 Bd7 15. b4 Ne6 16. a4 h5 17. b5 Kh7 18. h3 Bh6 19. Qd1 Nf4 20. Bc1 Nxg2 21. Kxg2 Bxh3+ 22. Kxh3 Qd7+ 23. Kg2 Qg4+ 24. Ng3 Qd7 25. Bxh6 Kxh6 26. Qd2+ Kh7 27. Qf4 Ng4 28. f3 Nh6 29. Nxh5 1-0

[Event "*** Titled Tuesday Blitz"]
[Site "Chess.com"]
[Date "2021.04.20"]
[Round "3"]
[White "halldorgretar"]
[Black "GracefulYear"]
[Result "0-1"]
[WhiteElo "2140"]
[BlackElo "2354"]
[TimeControl "180+1"]
[EndTime "10:26:31 PDT"]
[Termination "GracefulYear won on time"]

1. d4 d5 2. Nf3 Nf6 3. g3 g6 4.
Bg2 Bg7 5. O-O b6 6. c4 Bb7 7.
Ne5 e6 8. Nc3 Nbd7 9. Qa4 O-O 10. Nc6 Qe8 11. cxd5 exd5 12. Nxd5 Nxd5 13. Bxd5 Nf6 14.
Bf3 Qd7 15. Bf4 Rfe8 16. Rac1 Nd5 17. Bd2 Re6 18. e4 Bxc6 19. Qb3 Ne7 20. d5 Rd6 21. dxc6 Nxc6 22. Bf4 Nd4 0-1

[Event "*** Titled Tuesday Blitz"]
[Site "Chess.com"]
[Date "2021.04.20"]
[Round "3"]
[White "RD4ever"]
[Black "chegueps"]
[Result "1-0"]
[WhiteElo "2860"]
[BlackElo "2461"]
[TimeControl "180+1"]
[EndTime "10:26:32 PDT"]
[Termination "RD4ever won on time"]

1. d4 f5 2. g3 Nf6 3. Bg2 g6 4. c3 Bg7 5. Qb3 d5 6. Nd2 O-O 7. Ndf3 c6 8. Nh3 Ne4 9. Nf4 Qb6 10. h4 Na6 11. h5 g5 12. h6 Bf6 13. Nd3 Nc7 14. Nfe5 Nb5 15. g4 Nbd6 16. f3 Ng3 17.
Rh3 f4 18. Qxb6 axb6 19. Nxf4 gxf4 20. Bxf4 Nxe2 21. Kxe2 b5 22. a3 Be6 23. Re1 Kh8 24. Kd1 Bg8 25. Nd7 Nc4 26. Nxf8 Rxf8 27. Kc1 Na5 28.
Be5 Bxe5 29. Rxe5 Nc4 30. Rxe7 Nd6 31. Rh5 Bf7 32. Rhe5 Bg6 33. R5e6 Nc4 34. f4 Bd3 35. Re8 Rg8 36. g5 1-0

[Event "*** Titled Tuesday Blitz"]
[Site "Chess.com"]
[Date "2021.04.20"]
[Round "3"]
[White "Mbneu"]
[Black "iulik86"]
[Result "1/2-1/2"]
[WhiteElo "2342"]
[BlackElo "2590"]
[TimeControl "180+1"]
[EndTime "10:26:32 PDT"]
[Termination "Game drawn by repetition"]

1. d4 f5 2. e4 fxe4 3. Nc3 Nf6 4. f3 d5 5. Bg5 Nc6 6. fxe4 dxe4 7. Nge2 Bf5 8. Qd2 e6 9. O-O-O Be7 10. h3 O-O 11. g4 Bg6 12. Bg2 h6 13. Bh4 a5 14. Ng3 Nd5 15.
Bxe7 Qxe7 16. Bxe4 Nxc3 17. Qxc3 Bxe4 18. Nxe4 Nb4 19. Kb1 Nd5 20. Qc5 Qd7 21. g5 b6 22.
Qa3 hxg5 23. Qg3 a4 24. a3 Rf4 25. Nxg5 Raf8 26. Rhe1 R8f6 27. Ne4 Rf8 28. Ng5 R8f6 29.
Ne4 R6f5 30. Ng5 Rf6 1/2-1/2

[Event "*** Titled Tuesday Blitz"]
[Site "Chess.com"]
[Date "2021.04.20"]
[Round "3"]
[White "grzechu96"]
[Black "Salem-AR"]
[Result "1-0"]
[WhiteElo "2675"]
[BlackElo "2952"]
[TimeControl "180+1"]
[EndTime "10:26:33 PDT"]
[Termination "grzechu96 won by resignation"]

1. e4 c6 2. Nc3 d5 3. Nf3 Bg4 4.
h3 Bxf3 5. Qxf3 e6 6. d3 Nd7 7. Be2 Bd6 8. d4 Ne7 9. O-O O-O 10. Bd3 f5 11. e5 Bc7 12. Ne2 Ng6 13. Qh5 c5 14. c3 Bb6 15. Bg5 Qe8 16. Qf3 Rc8 17. Rac1 h6 18. Bd2 Qe7 19. Qg3 Qf7 20. h4 Kh8 21. h5 Ne7 22. Qh4 Rg8 23. Be3 Nf8 24.
Nf4 Nh7 25. Qxe7 1-0

[Event "*** Titled Tuesday Blitz"]
[Site "Chess.com"]
[Date "2021.04.20"]
[Round "3"]
[White "ri4mi"]
[Black "pifion"]
[Result "0-1"]
[WhiteElo "2345"]
[BlackElo "2555"]
[TimeControl "180+1"]
[EndTime "10:26:33 PDT"]
[Termination "pifion won by resignation"]

1. e4 e6 2. d4 d5 3. Nc3 Bb4 4. e5 c5 5. a3 Bxc3+ 6. bxc3 Ne7 7. Qg4 O-O 8. h4 Nbc6 9. h5 Qa5 10. Rh3 cxd4 11. Bh6 Ng6 12. hxg6 fxg6 13. Bd2 dxc3 14. Bxc3 Qc7 15. Nf3 Ne7 16. Ng5 h6 17. Nxe6 Qc6 18.
Qh4 Bxe6 19. Rg3 Nf5 20. Qb4 Nxg3 21. fxg3 Rac8 22. Bd4 Qxc2 23. Qe7 Qe4+ 24. Be2 Qxd4 25. Qxe6+ Kh7 26. Rd1 Qg1+ 27. Kd2 Qd4+ 28. Ke1 Qc3+ 29. Rd2 Qxg3+ 30. Kd1 Qb3+ 31. Ke1 Rc1+ 32. Bd1 Qe3+ 33.
Re2 Rxd1+ 34. Kxd1 Rf1+ 0-1

[Event "*** Titled Tuesday Blitz"]
[Site "Chess.com"]
[Date "2021.04.20"]
[Round "3"]
[White "sergeikim"]
[Black "BJthechessgod"]
[Result "1-0"]
[WhiteElo "2532"]
[BlackElo "2297"]
[TimeControl "180+1"]
[EndTime "10:26:34 PDT"]
[Termination "sergeikim won on time"]

1. d4 Nf6 2. c4 e6 3. Nc3 Bb4 4. Qc2 O-O 5. a3 Bxc3+ 6. Qxc3 d5 7. Nf3 b6 8. g3 Bb7 9. Bg2 Nbd7 10. cxd5 Bxd5 11.
O-O Rc8 12. b4 Ne4 13. Qc2 Ndf6 14. Ne5 c5 15. dxc5 bxc5 16. b5 Nd6 17. a4 Bxg2 18.
Kxg2 Qc7 19. Nc6 a6 20. Qxc5 axb5 21. axb5 Nxb5 22. Ne7+ Kh8 23. Qxb5 Rb8 24. Qc6 Qxe7 25. Ba3 Qe8 26. Qf3 Rg8 27. Rfc1 Qd7 28. Bc5 Qd5 29. Ra7 Qxf3+ 30. Kxf3 Rbc8 31. Rxf7 Nd5 32. e4 Nb4 33. Be3 1-0

[Event "*** Titled Tuesday Blitz"]
[Site "Chess.com"]
[Date "2021.04.20"]
[Round "3"]
[White "ARMQUEEN"]
[Black "Superfelix"]
[Result "0-1"]
[WhiteElo "2239"]
[BlackElo "2453"]
[TimeControl "180+1"]
[EndTime "10:26:35 PDT"]
[Termination "Superfelix won by resignation"]

1. e4 c6 2. d4 g6 3. Nc3 d5 4.
e5 h5 5. f4 Nh6 6. Nf3 Bg4 7. Be2 Nf5 8. Kf2 e6 9. Ng5 c5 10. Bxg4 hxg4 11. Ne2 cxd4 12. Nxd4 g3+ 13. Kf3 Nxd4+ 14. Qxd4 Rxh2 15. Rd1 Nc6 16. Qd3 Qxg5 17. fxg5 Nxe5+ 18. Kxg3 Nxd3 19. Kxh2 Nxc1 20. Raxc1 Be7 21. c4 Bxg5 22. Rc2 Rc8 23. b3 Ke7 24. Rc3 d4 25.
Rf3 e5 26. Rdf1 f5 27. g3 e4 28. R3f2 d3 29. g4 e3 30. Rf3 e2 31. Re1 Rd8 32.
gxf5 d2 33. Rxe2+ Kf6 34. fxg6+ Kxg6 35. Re6+ Kg7 36. Rf1 d1=Q 37. Rxd1 Rxd1 38. Re2 Rd2 39. Rxd2 Bxd2 40. Kg3 Kf6 41. Kf3 Ke5 42. Ke2 Bb4 43. Kd3 a5 44. Ke3 Bc5+ 45. Kd3 Kf4 46. Kc3 Ke3 47. Kc2 Bb4 48. Kc1 Kd3 49. Kb2 Bc5 50. Kb1 Kc3 51. Kc1 Ba3+ 52. Kb1 b6 53. c5 bxc5 54.
b4 axb4 55. Ka1 c4 56. Kb1 Bb2 57. a4 b3 58. a5 Ba3 59. a6 Bc5 60. Kc1 Ba7 61.
Kb1 b2 62. Ka2 Kc2 63. Ka3 b1=Q 0-1

[Event "*** Titled Tuesday Blitz"]
[Site "Chess.com"]
[Date "2021.04.20"]
[Round "3"]
[White "KubaGepard"]
[Black "suyu28"]
[Result "0-1"]
[WhiteElo "2406"]
[BlackElo "2610"]
[TimeControl "180+1"]
[EndTime "10:26:37 PDT"]
[Termination "suyu28 won by checkmate"]

1. d4 c6 2. Nf3 d5 3. c4 Nf6 4.
Qc2 dxc4 5. e4 b5 6. b3 cxb3 7.
axb3 e6 8. Bd2 a5 9. Bd3 Bb7 10.
O-O Be7 11. Rc1 h6 12. Nc3 Na6 13. Nxb5 cxb5 14. Bxb5+ Kf8 15. Bxa5 Qb8 16. Ne5 Bxe4 17. Nd7+ Nxd7 18. Qxe4 Nf6 19. Qc6 g6 20. Bxa6 Kg7 21. Bc4 Rc8 22. Qf3 Bb4 23. Bxb4 Rxa1 24. Rxa1 Qxb4 25. h4 Rd8 26. Rd1 h5 27. g3 Ng4 28.
Kg2 Rd6 29. Ra1 Rxd4 30. Ra7 Ne5 31. Qe3 Qd6 32. Ra6 Qc5 33. Ra4 Qc6+ 34. Kh3 Qh1# 0-1

[Event "*** Titled Tuesday Blitz"]
[Site "Chess.com"]
[Date "2021.04.20"]
[Round "3"]
[White "not_najdorfs_player"]
[Black "LamaChampetre"]
[Result "1-0"]
[WhiteElo "2369"]
[BlackElo "2186"]
[TimeControl "180+1"]
[EndTime "10:26:37 PDT"]
[Termination "not_najdorfs_player won by resignation"]

1. e4 c5 2. Nf3 g6 3. d4 cxd4 4. Nxd4 Nc6 5. c4 Bg7 6. Be3 Nf6 7. f3 Nxd4 8. Bxd4 d6 9. Nc3 O-O 10. Be2 Qa5 11. O-O Be6 12. b3 Rfc8 13. Qd3 a6 14. a3 Nd7 15. b4 Bxd4+ 16. Qxd4 Qb6 17. Rfd1 Qxd4+ 18. Rxd4 Ne5 19. Nd5 Bxd5 20. exd5 Rc7 21. f4 Nd7 22. a4 Rac8 23. a5 Kf8 24. h4 h5 25. Bd3 b5 26. cxb5 axb5 27. Bxb5 Nf6 28.
Bc6 Nd7 29. b5 Nc5 30. a6 e5 31. fxe5 dxe5 32. Rc4 Nd7 33. Bxd7 Rxc4 34. Bxc8 Rxc8 35. a7 Ra8 36. b6 Ke7 37. b7 1-0

[Event "*** Titled Tuesday Blitz"]
[Site "Chess.com"]
[Date "2021.04.20"]
[Round "3"]
[White "Zhigalko_Sergei"]
[Black "ErikRonka"]
[Result "1-0"]
[WhiteElo "2910"]
[BlackElo "2462"]
[TimeControl "180+1"]
[EndTime "10:26:38 PDT"]
[Termination "Zhigalko_Sergei won on time"]

1. e4 c6 2. d4 d5 3. e5 c5 4. Nf3 cxd4 5. Qxd4 Nc6 6. Qf4 e6 7. Bd3 f6 8. O-O fxe5 9. Nxe5 Nxe5 10. Qxe5 Nf6 11.
Bb5+ Kf7 12. Bf4 Bc5 13. Nd2 Qb6 14. Bd3 Rf8 15. Nb3 Be7 16. Rae1 Kg8 17. h3 Rd8 18. Qg5 Bd7 19. Be5 Rac8 20. Nd4 Rf8 21. Qg3 Rce8 22. Nf3 Qa5 23. a3 Rf7 24. Ng5 Rff8 25. Nxh7 Qa4 26. Qg6 1-0

[Event "*** Titled Tuesday Blitz"]
[Site "Chess.com"]
[Date "2021.04.20"]
[Round "3"]
[White "Raud100"]
[Black "korbul"]
[Result "0-1"]
[WhiteElo "2381"]
[BlackElo "2589"]
[TimeControl "180+1"]
[EndTime "10:26:39 PDT"]
[Termination "korbul won by checkmate"]

1. d4 Nf6 2. c4 d6 3. Nc3 Nbd7 4. e4 e5 5. Nf3 Be7 6. Be2 O-O 7. O-O c6 8. h3 a6 9. a4 a5 10. Re1 Qc7 11.
Be3 Re8 12. Qd2 exd4 13. Nxd4 Nc5 14. f3 Bf8 15. Rad1 Nfd7 16. Qc2 Na6 17. Na2 Ndc5 18.
Rd2 Bd7 19. Bf1 Rad8 20. Bf2 Bc8 21. Red1 Qb6 22. g4 Nb4 23. Nxb4 Qxb4 24. b3 g6 25. Be1 Qb6 26. Bf2 Bg7 27. Rb1 Qc7 28. Rbd1 Be5 29.
Kg2 Qe7 30. Qc3 Qf6 31. Bg3 Ne6 32. Bxe5 dxe5 33. Nxe6 Rxd2+ 34. Qxd2 Bxe6 35. g5 Qe7 36. h4 Qa3 37. Qd3 Kg7 38. Kg3 h6 39. Qc3 Qc5 40. f4 hxg5 41. hxg5 Qg1+ 42. Kf3 Bg4# 0-1

[Event "*** Titled Tuesday Blitz"]
[Site "Chess.com"]
[Date "2021.04.20"]
[Round "3"]
[White "PowerThinking2650"]
[Black "artichaud"]
[Result "0-1"]
[WhiteElo "2396"]
[BlackElo "2217"]
[TimeControl "180+1"]
[EndTime "10:26:39 PDT"]
[Termination "artichaud won by resignation"]

1. e4 d5 2. exd5 Qxd5 3. Nc3 Qd6 4. d4 Nf6 5. Nf3 a6 6. Bc4 b5 7. Bb3 e6 8. O-O c5 9. dxc5 Qxd1 10. Rxd1 Bxc5 11.
Ne5 Nbd7 12. Bf4 Nxe5 13. Bxe5 Bxf2+ 14. Kxf2 Ng4+ 15. Kg3 Nxe5 16. Ne4 Ke7 17. a4 Bb7 18. Nc5 Bc6 19. a5 Rhc8 20. Nd3 Nxd3 21. Rxd3 Rd8 22. Rad1 Rxd3+ 23. Rxd3 Rd8 24. Rc3 Rd6 25. Rc5 Kd7 26. Rg5 g6 27. Kh3 Bd5 28. Bxd5 Rxd5 29. Rg3 Rd2 30. Rc3 f5 31. Kg3 e5 32. Kf3 Rd4 33.
g3 Rc4 34. Rd3+ Ke6 35. Rd2 Rd4 36. Re2 Ra4 0-1